 Dungeon Crawl Stone Soup version 0.29.1-2-gbd0b4ee654 (webtiles) character file.

Game seed: 9093234146465499840

12 warriortoast the Digger (level 2, -2/15 HPs)
             Began as a Gargoyle Earth Elementalist on Nov 1, 2022.
             Slain by Terence
             ... wielding a +0 flail
              (5 damage)
             ... on level 2 of the Dungeon.
             The game lasted 00:02:52 (774 turns).

warriortoast the Digger (GrEE)                       Turns: 774, Time: 00:02:53

Health: -2/15      AC:  4    Str: 11    XL:     2   Next: 33%
Magic:  3/5        EV: 11    Int: 15    God:
Gold:   63         SH:  0    Dex: 10    Spells: 4/5 levels left

rFire   . . .      SeeInvis .   e - +0 short sword
rCold   . . .      Faith    .   (no shield)
rNeg    + . .      Spirit   .   a - +0 robe
rPois   ∞          Reflect  .   (no helmet)
rElec   +          Harm     .   (no cloak)
rCorr   .          Rampage  .   (no gloves)
Will    .....                   (no boots)
Stlth   ++........              (no amulet)
HPRegen 0.05/turn               (no ring)
MPRegen 0.09/turn               (no ring)

@: no status effects
A: sickness immunity, AC +2, negative energy resistance 1, electricity
resistance, torment resistance 1, petrification resistance
a: no special abilities


You were on level 2 of the Dungeon.
You visited 1 branch of the dungeon, and saw 2 of its levels.

You collected 63 gold pieces.

Inventory:

Hand Weapons
 e - a +0 short sword (weapon)
Armour
 a - a +0 robe (worn)
 d - a +0 chain mail
 j - a +0 ring mail
Scrolls
 c - a scroll of enchant weapon {unknown}
 h - a scroll of identify {unknown}
 i - a scroll of immolation {unknown}
Potions
 b - a potion of magic
 f - a potion of curing {unknown}
 g - a potion of flight {unknown}


   Skills:
 - Level 1.5 Dodging
 - Level 2.1 Stealth
 + Level 2.2 Spellcasting
 + Level 0.8 Conjurations
 + Level 1.1 Transmutations
 + Level 3.9 Earth Magic


You had 4 spell levels left.
You knew the following spells:

 Your Spells              Type           Power      Damage    Failure   Level
a - Sandblast             Erth           26%        2d8       4%          1

Your spell library contained the following spells:

 Spells                   Type           Power      Damage    Failure   Level
 Passwall                 Tmut/Erth      7%         N/A       12%         2
 Stone Arrow              Conj/Erth      16%        3d8       24%         3
 Petrify                  Tmut/Erth      9%         N/A       61%         4


Dungeon Overview and Level Annotations

Branches:
Dungeon (2/15)

Altars:

Annotations:
D:2 Terence


Innate Abilities, Weirdness & Mutations

You are immune to sickness and miasma.
Your stone body is resilient. (AC +2)
You are immune to poison.
You resist negative energy. (rN+)
You are resistant to electric shocks. (rElec)
You are resistant to unholy torment.
You are immune to petrification.


Message History

There is a stone staircase leading up here.
The blast of sand misses the jackal.
The jackal bites you but does no damage. x2
The blast of sand hits the jackal!
You kill the jackal!
The bat closely misses you. The bat barely misses you. x2
The blast of sand hits the bat!
You kill the bat!
You start resting.
Magic restored.
You start resting.
A giant cockroach comes into view.
Found a dented brass amulet.
You see here a jackal corpse.
You can't see any susceptible monsters within range! (Use Z to cast anyway.) Terence the Incautious comes into view.
He is wielding a +0 flail.
Found a sling.
The blast of sand hits Terence but does no damage.
Terence shouts!
Terence hits you with a +0 flail!
An adder comes into view.
Found 4 gold pieces.
Terence hits you with a +0 flail.
* * * LOW HITPOINT WARNING * * *
You see here a bat corpse.
You are too injured to fight recklessly!
You are too injured to fight recklessly!
You are too injured to fight recklessly!
You are too injured to fight recklessly!
You are too injured to fight recklessly!
Casting: Sandblast (safe; 4% risk of failure)
Confirm with . or Enter, or press ? or * to list all spells.
Aiming: Sandblast (safe; 4% risk of failure)
Press: ? - help, Shift-Dir - straight line, f/p - Terence
Aim: Terence, wielding a +0 flail and wearing a +0 scale mail (84% to hit)
The blast of sand hits Terence.
Terence is lightly wounded.
The adder hisses angrily.
The giant cockroach closely misses you. The giant cockroach barely misses you.
Terence hits you with a +0 flail.
You die...

#.# .## .
).. ..# .#
##.##.##.#
.##...#....
........"#
#......##
##...#†.##
#.. ##@B#
#. ##@# #
#........#
#........#
#........#
.........#
##......S.#
#........#
#......$.#


You could see Terence, an adder and a giant cockroach.

Vanquished Creatures
  A dart slug (D:1)
  A bat (D:2)
  An endoplasm (D:1)
  3 jackals
  A kobold (D:1)
  A ball python (D:1)
  A rat (D:1)
9 creatures vanquished.

Notes
Turn   | Place    | Note
-------+----------+-------------------------------------------
     0 | D:1      | warriortoast the Gargoyle Earth Elementalist began the
                  | quest for the Orb.
     0 | D:1      | Reached XP level 1. HP: 10/10 MP: 3/3
   168 | D:1      | Reached skill level 1 in Transmutations
   212 | D:1      | Reached XP level 2. HP: 15/15 MP: 3/5
   407 | D:1      | Found a faded altar of an unknown god.
   769 | D:2      | Noticed Terence
   774 | D:2      | Slain by Terence

Illustrated notes

Levels and vault maps discovered:
D:1:      saegor_arrival_simple_b, layout_loops_ring,
          hellmonk_ecumenical_altar_lost_god
D:2:      layout_rooms, uniq_terence

Skill      XL: |  1 |
---------------+----+-----
Transmutations | 1 |  1.1
Dodging        | |  1.5
Stealth        | |  2.1
Spellcasting   | |  2.2
Conjurations   | |  0.8
Earth Magic    | |  3.9

Action                   || total
-------------------------++-------
 Cast: Sandblast         ||    22
Armor: Robe              ||    12
Dodge: Dodged            ||    17
